Map: Dusk Towers

Players

xKawaiian - Winner!

  • Race: Terran Terran
  • League: Master

IIIIIIIIIIII

  • Race: Terran Terran
  • League: Master

VOD

Have the link to the VOD?

Description

Time

  • Played on: Jan. 12, 2016, 9:13 p.m.
  • Length: 4:41
Show
View Real Time Build Order
Export as new Build Order

xKawaiian Terran - Winner!

Build Orders: 1/1/1, Cyclone Opening 

Get SALT Encoding   

  12  0:00  SCV  
  13  0:12  SCV  
  14  0:17  Supply Depot  
  14  0:25  SCV  
  15  0:39  SCV  
  15  0:40  Barracks  
  16  0:44  Refinery  
  16  0:51  SCV  
  16  0:53  Refinery  
  17  1:03  SCV  
  18  1:15  SCV  
  19  1:29  Supply Depot, Marine  
  20  1:34  Factory  
  20  1:42  Orbital Command  
  20  1:47  Marine  
  21  2:06  Marine  
  21  2:08  SCV  
  23  2:19  Factory Tech Lab  
  23  2:20  SCV, Starport  
  24  2:23  Marine  
  24  2:28  Supply Depot  
  25  2:34  SCV  
  26  2:40  Cyclone  
  26  2:42  Marine  
  30  2:48  SCV  
  31  2:56  Medivac  
  33  3:00  SCV, Supply Depot  
  33  3:03  Marine  
  35  3:12  SCV  
  36  3:15  Siege Tank  
  39  3:24  SCV, Liberator  
  40  3:28  Marine  
  41  3:36  SCV  
  42  3:44  Supply Depot  
  42  3:46  Marine  
  42  3:48  SCV  
  47  4:01  Supply Depot  
  47  4:05  Marine  
  47  4:06  Siege Tank  
  51  4:18  Command Center  
  51  4:19  SCV  
Show
View Real Time Build Order
Export as new Build Order

IIIIIIIIIIII Terran 

Build Orders:  

Get SALT Encoding   

  12  0:01  SCV  
  13  0:13  SCV  
  14  0:17  Supply Depot  
  14  0:26  Refinery  
  14  0:27  SCV  
  15  0:39  SCV  
  16  0:49  Barracks  
  16  0:51  SCV  
  17  1:03  SCV  
  18  1:09  Barracks  
  18  1:16  SCV  
  19  1:37  Reaper, Orbital Command  
  20  1:41  Supply Depot  
  20  1:48  Refinery  
  20  1:57  Reaper  
  20  2:02  SCV  
  21  2:10  Reaper  
  22  2:17  SCV  
  25  2:30  SCV, Reaper  
  25  2:37  Command Center  
  25  2:42  SCV, Reaper  
  27  2:45  Supply Depot  
  27  2:54  SCV  
  28  3:05  Factory  
  28  3:06  SCV  
  29  3:15  Barracks Tech Lab  
  29  3:18  SCV  
  30  3:21  Barracks Tech Lab  
  31  3:28  Barracks Reactor  
  31  3:30  SCV  
  27  3:41  Marine  
  27  3:42  SCV  
  29  3:50  Factory Tech Lab  
  29  3:52  Starport  
  29  3:54  SCV, Orbital Command  
  30  3:59  Marine  
  31  4:05  Marine  
  31  4:06  SCV  
  31  4:07  Marine  
  34  4:16  Supply Depot  
  34  4:17  Marine  
Tags
 
Add a new tag
Caveats
  • Supply blocks, unpowered buildings, or Contaminate may cause inaccurate times.
  • Supply counts are checked every 10 seconds.